 Dungeon Crawl Stone Soup version 0.28.0-43-g3370ac3207 (webtiles) character file.

Game seed: 6062065247870692982

1249 mortz the Gusty (level 8, 0/59 HPs)
             Began as a Black Draconian Air Elementalist on Mar 27, 2022.
             Slain by a two-headed ogre
             ... wielding a +0 giant club
              (20 damage)
             ... on level 6 of the Dungeon.
             The game lasted 00:39:25 (8548 turns).

mortz the Gusty (Black Draconian Air Elementalist)  Turns: 8548, Time: 00:39:26

Health: 0/59       AC:  6    Str: 10    XL:     8   Next: 26%
Magic:  9/16       EV: 13    Int: 17    God:
Gold:   197        SH:  0    Dex: 20    Spells: 4/17 levels left

rFire   . . .      SeeInvis .   r - +6 short sword of Broken Luck {holy, Dex+7, short}
rCold   . . .      Faith    .   (no shield)
rNeg    . . .      Spirit   .   (armour unavailable)
rPois   .          Reflect  .   (helmet restricted)
rElec   +          Harm     .   (no cloak)
rCorr   .          Rampage  .   (no gloves)
Will    +....                   (no boots)
Stlth   +++.......              (no amulet)
HPRegen 0.19/turn               c - ring of willpower
MPRegen 0.15/turn               (no ring)

@: very slightly contaminated
A: breathe lightning, AC +6, unfitting armour, electricity resistance,
cold-blooded
a: Breathe Lightning


You were on level 6 of the Dungeon.
You visited 1 branch of the dungeon, and saw 6 of its levels.

You collected 197 gold pieces.


Innate Abilities, Weirdness & Mutations

You can breathe wild blasts of lightning.
Your glossy black scales are hard. (AC +6)
You cannot fit into any form of body armour.
You are resistant to electric shocks. (rElec)
You are cold-blooded and may be slowed by cold attacks.


   Skills:
 + Level 1.4 Fighting
 + Level 1.0 Short Blades
 + Level 0.3 Axes
 + Level 0.2 Staves
 + Level 3.0 Dodging
 + Level 3.3 Stealth
 + Level 5.3 Spellcasting
 + Level 4.5 Conjurations
 + Level 7.1 Air Magic
 + Level 0.2 Poison Magic


You had 4 spell levels left.
You knew the following spells:

 Your Spells              Type           Power      Damage    Failure   Level
a - Shock                 Conj/Air       96%        1d9       1%          1
b - Static Discharge      Conj/Air       24%        N/A       1%          2
c - Swiftness             Air            28%        N/A       2%          3
d - Mephitic Cloud        Conj/Pois/Air  17%        N/A       9%          3
e - Airstrike             Air            14%        N/A       8%          4

Your spell library contained the following spells:

 Spells                   Type           Power      Damage    Failure   Level
 Magic Dart               Conj           76%        1d6       2%          1
 Animate Skeleton         Necr           8%         N/A       14%         1
 Pain                     Necr           16%        1d4       14%         1
 Call Imp                 Summ           4%         N/A       21%         2
 Ensorcelled Hibernation  Hex/Ice        8%         N/A       21%         2
 Sublimation of Blood     Necr           4%         N/A       21%         2
 Wereblood                Tmut           4%         N/A       21%         2
 Spider Form              Tmut/Pois      4%         N/A       36%         3
 Vampiric Draining        Necr           4%         2d6       38%         3
 Anguish                  Hex/Necr       2%         N/A       80%         4
 Summon Hydra             Summ           2%         N/A       100%        7

Inventory:

Hand Weapons
 m - a +0 war axe of electrocution {axe}
   (You found it on level 2 of the Dungeon)
 r - the +6 short sword of Broken Luck (weapon) {holy, Dex+7, short}
   (You found it on level 6 of the Dungeon)

   It has been blessed by the Shining One to cause great damage to the undead
   and demons.
   Dex:       It affects your dexterity (+7).
 u - a +1 flail of protection {mace}
   (You took it off Edmund on level 5 of the Dungeon)
 v - a +0 rapier {short}
   (You took it off Eustachio on level 3 of the Dungeon)
 x - a +0 spectral quarterstaff {staff}
   (You found it on level 5 of the Dungeon)
Missiles
 h - 12 poisoned darts {throwing}
Armour
 n - the +0 buckler "Gewaub" {rElec rC- rN++ Str+3}
   (You found it on level 3 of the Dungeon)

   Str:       It affects your strength (+3).
   rC:        It makes you vulnerable to cold.
   rElec:     It insulates you from electricity.
   rN:        It greatly protects you from negative energy.
Magical Staves
 t - a staff of death {!astaff}
   (You found it on level 4 of the Dungeon)
Jewellery
 c - a ring of willpower (left hand)
   (You found it on level 4 of the Dungeon)
Wands
 k - a wand of iceblast (7)
   (You found it on level 4 of the Dungeon)
Scrolls
 d - a scroll of enchant weapon
 f - a scroll of blinking {unknown}
 g - 4 scrolls of teleportation {@r4}
 j - a scroll of fog {unknown}
 o - a scroll of amnesia {unknown}
 w - a scroll of fear {unknown}
Potions
 a - 2 potions of lignification {unknown}
 b - a potion of mutation {unknown}
 e - 5 potions of curing {@q1}
 i - a potion of experience {unknown}
 l - 2 potions of flight {unknown}
 p - a potion of heal wounds {unknown}
 q - a potion of ambrosia {unknown}
 s - a potion of berserk rage {unknown}
 z - a potion of haste {@q3}

Dungeon Overview and Level Annotations

Branches:
Dungeon (6/15)
 Temple: D:4-7

Altars:
Gozag

Shops:
D:3 *

Annotations:
D:3 3 runed translucent doors, crimpus's ghost, amateur DjCA

#.#####.............# ..
#.......#.....# ##
#.......#..##.#
#.....###..# #
#.##.......#
#######....#####.###.###
................)......#
################O####..#
#@# ###


You could see a two-headed ogre.


Message History

The stinking cloud engulfs the two-headed ogre but does no damage.
You hear a shout! 😎 MP[-3]
You lost 3 mp, and now have 13/16 mp.
Aiming: Shock (safe; 1% risk of failure)
Press: ? - help, Q - select action, (/) - cycle Shift-Dir - straight line, f - two-headed ogre
Aim: a two-headed ogre, wielding two +0 giant clubs (noxious fumes, 88% to hit)
The zap hits the two-headed ogre.
The two-headed ogre is engulfed in noxious fumes.
The two-headed ogre appears confused.
The two-headed ogre cries. 😎 MP[-1]
You lost 1 mp, and now have 12/16 mp.
Casting: Shock (safe; 1% risk of failure)
Confirm with . or Enter, or press ? or * to list all spells.
Okay, then.
Casting: Shock (safe; 1% risk of failure)
Confirm with . or Enter, or press ? or * to list all spells.
Aiming: Airstrike (dangerous; 8% risk of failure)
Press: ? - help, Dir - move target, f/p - two-headed ogre
Aim: a two-headed ogre, wielding two +0 giant clubs (lightly wounded, confused, empty space bonus: 4/8)
The air twists around and strikes the two-headed ogre!
The two-headed ogre chortles and stares into space. 😎 MP[-4]
You lost 4 mp, and now have 8/16 mp.
Casting: Airstrike (dangerous; 8% risk of failure)
Confirm with . or Enter, or press ? or * to list all spells.
Aiming: Airstrike (dangerous; 8% risk of failure)
Press: ? - help, Dir - move target, f/p - two-headed ogre
Aim: a two-headed ogre, wielding two +0 giant clubs (moderately wounded, confused, empty space bonus: 4/8)
The air twists around and strikes the two-headed ogre! 😎 MP[-4]
You lost 4 mp, and now have 4/16 mp.
Casting: Airstrike (dangerous; 8% risk of failure)
Confirm with . or Enter, or press ? or * to list all spells.
Aiming: Airstrike (dangerous; 8% risk of failure)
Press: ? - help, Dir - move target, f/p - two-headed ogre
Aim: a two-headed ogre, wielding two +0 giant clubs (heavily wounded, confused, empty space bonus: 5/8)
The air twists around and strikes the two-headed ogre! 😎 MP[-4]
You lost 4 mp, and now have 0/16 mp.
Casting: Airstrike (dangerous; 8% risk of failure)
Confirm with . or Enter, or press ? or * to list all spells.
You don't have enough magic to cast this spell.
You climb upwards.
There is a stone staircase leading down here. 😎 MP[+1]
You start resting. 😎 MP[+15]
Your mp is fully restored (16).
You climb downwards.
There is a stone staircase leading up, spattered with blood here.
Casting: Airstrike (dangerous; 8% risk of failure)
Confirm with . or Enter, or press ? or * to list all spells.
Aiming: Mephitic Cloud (dangerous; 9% risk of failure)
Press: ? - help, Shift-Dir - straight line, f - two-headed ogre
Aim: a two-headed ogre, wielding two +0 giant clubs (chance to affect: 53%)
You miscast Mephitic Cloud.
You are very lightly contaminated with residual magic.
Nothing appears to happen. 😎 MP[-3]
You lost 3 mp, and now have 13/16 mp.
Casting: Mephitic Cloud (dangerous; 9% risk of failure)
Confirm with . or Enter, or press ? or * to list all spells.
Aiming: Mephitic Cloud (dangerous; 9% risk of failure)
Press: ? - help, Shift-Dir - straight line, p - two-headed ogre That beam is likely to hit you.
Continue anyway?
Okay, then.
Casting: Mephitic Cloud (dangerous; 9% risk of failure)
Confirm with . or Enter, or press ? or * to list all spells.
The two-headed ogre is struck by an arc of lightning.
The lightning grounds out.
The two-headed ogre hits you but does no damage.
The two-headed ogre hits you with a +0 giant club! 😮 HP[-16] MP[-2]
You take 16 damage, and now have 43/59 hp.
MASSIVE DAMAGE!! (PAUSE)
You lost 2 mp, and now have 11/16 mp.
Casting: Static Discharge (safe; 1% risk of failure)
Confirm with . or Enter, or press ? or * to list all spells.
The two-headed ogre is struck by an arc of lightning!
You resist.
You are struck by an arc of lightning.
The two-headed ogre is struck by an arc of lightning.
You resist.
You are struck by an arc of lightning.
The two-headed ogre barely misses you.
The two-headed ogre hits you with a +0 giant club!!
* * * LOW HITPOINT WARNING * * *
😨 HP[-18] MP[-2]
You take 18 damage, and now have 25/59 hp.
MASSIVE DAMAGE!! (PAUSE)
You lost 2 mp, and now have 9/16 mp.
You hit the two-headed ogre. You hit the two-headed ogre.
The two-headed ogre closely misses you.
The two-headed ogre hits you with a +0 giant club.
* * * LOW HITPOINT WARNING * * *
😨 HP[-5]
You take 5 damage, and now have 20/59 hp.
You puncture the two-headed ogre!
The two-headed ogre hits you with a +0 giant club!!
You die...

Skill      XL: |  1  2  3  4  5  6  7  8 |
---------------+-------------------------+-----
Dodging        | 2 3 |  3.0
Stealth        | 2 3 |  3.3
Spellcasting   | 3 4 5 |  5.3
Conjurations   | 2 3 4 |  4.5
Air Magic      | 4 5 6 7 |  7.1
Short Blades   | 1 |  1.0
Fighting       | 1 |  1.4
Axes           | |  0.3
Staves         | |  0.2
Poison Magic   | |  0.2

Action                   |  1- 3 |  4- 6 |  7- 9 || total
-------------------------+-------+-------+-------++-------
Melee: Dagger            |    14 |     6 |       ||    20
       Tailslap          |       |     2 |     1 ||     3
       Short sword       |       |     5 |     3 ||     8
       War axe           |       |       |     3 ||     3
       Quarterstaff      |       |       |     3 ||     3
 Cast: Shock             |   106 |    85 |    41 ||   232
       Static Discharge  |     3 |    23 |    26 ||    52
       Mephitic Cloud    |       |       |     7 ||     7
       Airstrike         |       |       |     6 ||     6
       Swiftness         |       |       |     2 ||     2
 Abil: Breathe Lightning |       |       |     3 ||     3
  Use: Scroll            |     3 |       |       ||     3
Armor: Skin              |     9 |    17 |    10 ||    36
Dodge: Dodged            |    30 |    37 |    20 ||    87

Levels and vault maps discovered:
D:1:      minmay_arrival_four_loops, layout_basic,
          chequers_ecumenical_altar_grove, minmay_tetromino_i4
D:2:      minmay_chambers_of_ones, layout_basic, minmay_misc_feat_plants
D:3:      layout_basic, serial_shops, shop, gammafunk_ghost_split,
          item_on_display_a
D:4:      layout_cave_pods, mainiacjoe_overflow_paths, uniq_eustachio
D:5:      layout_loops_corners, uniq_edmund
D:6:      layout_basic, uniq_menkaure

Notes
Turn   | Place    | Note
-------+----------+-------------------------------------------
     0 | D:1      | mortz the Draconian Air Elementalist began the quest for
                  | the Orb.
     0 | D:1      | Reached XP level 1. HP: 14/14 MP: 3/3
     0 | D:1      | magus.rc [v1.9.6]
   408 | D:2      | Reached XP level 2. HP: 16/20 MP: 0/5
   460 | D:1      | Reached skill level 2 in Dodging
   464 | D:1      | Reached skill level 2 in Stealth
   896 | D:1      | Learned a level 2 spell: Static Discharge
  1018 | D:1      | Found a faded altar of an unknown god.
  1613 | D:1      | Reached XP level 3. HP: 26/26 MP: 0/6
  2660 | D:2      | You pick up a book of Blood and begin reading...
  2660 | D:2      | You add the spells Sublimation of Blood, Wereblood and
                  | Summon Hydra to your library.
  2925 | D:3      | Learned a level 3 spell: Swiftness
  2960 | D:3      | You pick up a book of Dreams and begin reading...
  2960 | D:3      | You add the spells Ensorcelled Hibernation, Spider Form and
                  | Anguish to your library.
  2967 | D:3      | Found a runed translucent gate.
  2968 | D:3      | Found a runed translucent gate.
  2968 | D:3      | Noticed crimpus's ghost (amateur DjCA)
  2969 | D:3      | Found a runed translucent gate.
  3239 | D:3      | Reached XP level 4. HP: 31/33 MP: 3/8
  3285 | D:3      | Identified the +0 buckler "Gewaub" {rElec rC- rN++ Str+3}
  3561 | D:3      | Found Amufoso's Assorted Antiques.
  3674 | D:3      | Reached skill level 3 in Spellcasting
  3870 | D:3      | Reached skill level 2 in Conjurations
  4383 | D:3      | Reached XP level 5. HP: 33/38 MP: 0/10
  4849 | D:4      | Noticed Eustachio
  4892 | D:3      | Killed Eustachio
  4893 | D:3      | Reached skill level 4 in Spellcasting
  4893 | D:3      | Reached skill level 4 in Air Magic
  4893 | D:3      | Reached XP level 6. HP: 13/45 MP: 0/12
  5223 | D:4      | You pick up a book of Necromancy and begin reading...
  5223 | D:4      | You add the spells Pain, Animate Skeleton and Vampiric
                  | Draining to your library.
  5271 | D:4      | Found an opulent altar of Gozag.
  5284 | D:4      | Reached skill level 3 in Conjurations
  5838 | D:5      | Entered Level 5 of the Dungeon
  5856 | D:5      | Reached skill level 1 in Short Blades
  5961 | D:5      | Your scales start taking on a glossy black colour.
  5961 | D:5      | Reached skill level 5 in Air Magic
  5961 | D:5      | Reached XP level 7. HP: 48/51 MP: 4/13
  5961 | D:5      | Gained mutation: You are resistant to electric shocks.
                  | (rElec) [Black Draconian growth]
  6129 | D:5      | Noticed Edmund
  6157 | D:5      | Killed Edmund
  6507 | D:5      | You pick up a book of Minor Magic and begin reading...
  6507 | D:5      | You add the spells Magic Dart, Call Imp and Mephitic Cloud
                  | to your library.
  6512 | D:5      | Learned a level 3 spell: Mephitic Cloud
  6517 | D:5      | Learned a level 4 spell: Airstrike
  6649 | D:5      | Reached skill level 6 in Air Magic
  7062 | D:5      | Reached skill level 5 in Spellcasting
  7308 | D:5      | Reached skill level 3 in Stealth
  7709 | D:6      | Noticed a steam dragon
  7806 | D:5      | Reached skill level 3 in Dodging
  7806 | D:5      | Reached skill level 4 in Conjurations
  7806 | D:5      | Reached XP level 8. HP: 58/58 MP: 2/15
  7901 | D:6      | HP: 11/58 [steam dragon (5)]
  7903 | D:6      | Reached skill level 7 in Air Magic
  7904 | D:6      | Reached skill level 1 in Fighting
  8231 | D:6      | Identified the +6 short sword of Broken Luck {holy, Dex+7}
  8270 | D:6      | Noticed a two-headed ogre
  8548 | D:6      | Slain by a two-headed ogre

Vanquished Creatures
  Eustachio (D:3)
  A steam dragon (D:6)
  Edmund (D:5)
  A sky beast (D:5)
  A black bear (D:4)
  An ogre (D:5)
  A scorpion (D:6)
  A water moccasin skeleton (D:5)
  2 hounds (D:5)
  4 orc priests
  A centaur skeleton (D:6)
  4 iguanas
  3 gnolls (D:3)
  5 adders
  An ufetubus (D:5)
  An adder skeleton (D:4)
  2 worms
  2 dart slugs
  18 orcs
  4 bats
  9 endoplasms
  4 giant cockroaches
  2 goblins
  8 hobgoblins
  2 jackals (D:3)
  3 quokkas
  5 ball pythons
  7 frilled lizards
  3 kobolds (D:1)
  6 rats
104 creatures vanquished.

Vanquished Creatures (others)
  2 fungi (D:2)
2 creatures vanquished.

Grand Total: 106 creatures vanquished

Table legend:
 A = Non-vault XP
 B = Vault XP
 C = Vault XP percentage of total XP
 D = Non-vault monster count
 E = Vault monster count
 F = Vault count percentage of total count
                 A         B        C        D         E       F
            +---------+---------+-------+---------+---------+-------
      Total |    1410 |     375 |  21.0 |      94 |      10 |   9.6
            +---------+---------+-------+---------+---------+-------
        D:1 |      36 |       4 |  10.0 |      23 |       3 |  11.5
        D:2 |      24 |      10 |  29.4 |       8 |       5 |  38.5
        D:3 |     182 |     197 |  52.0 |      30 |       1 |   3.2
        D:4 |     180 |       0 |   0.0 |       7 |       0 |   0.0
        D:5 |     634 |     164 |  20.6 |      19 |       1 |   5.0
        D:6 |     354 |       0 |   0.0 |       7 |       0 |   0.0
            +---------+---------+-------+---------+---------+-------

Illustrated notes

Table legend:
 A = Kills in this place as a percentage of kills in entire the game.
 B = Kills by you in this place as a percentage of kills by you in the entire game.
 C = Kills by friends in this place as a percentage of kills by friends in the entire game.
 D = Other kills in this place as a percentage of other kills in the entire game.
 E = Experience gained in this place as a percentage of experience gained in the entire game.
 F = Experience gained in this place divided by the number of levels of this place that you have seen.
                   A       B       C       D       E      F
               +-------+-------+-------+-------+-------+----------------------
         Total | 100.0 | 100.0 |   N/A |   N/A | 100.0 | 297.5
       Dungeon | 100.0 | 100.0 |   N/A |   N/A | 100.0 | 297.5
               +-------+-------+-------+-------+-------+----------------------

Table legend: (Time is in decaauts)
 A = Elapsed time spent in this place.
 B = Non-inter-level travel time spent in this place.
 C = Inter-level travel time spent in this place.
 D = Time resting spent in this place.
 E = Time spent auto-exploring this place.
 F = Levels seen in this place.
 G = Mean time per level.
                   A        B        C        D        E       F      G
               +--------+--------+--------+--------+--------+-----+--------+
         Total |   8551 |   8308 |    243 |   2863 |   4368 |   6 | 1425.2 |
       Dungeon |   8551 |   8308 |    243 |   2863 |   4368 |   6 | 1425.2 |
               +--------+--------+--------+--------+--------+-----+--------+

Top non-repeatable levels by time:
     D:5: 2305 daAuts
     D:3: 2123 daAuts
     D:1: 1733 daAuts
     D:2: 1143 daAuts
     D:4: 1092 daAuts
     D:6: 153 daAuts
